Workbook

Sheet Instruções de Uso
A1: GUIA RÁPIDO: COMO USAR O SIMULADOR DE FINANCIAMENTO
A3: 🎯 COMO USAR
A4: 1. Abra a aba 'Simulador Principal'.
A5: 2. Preencha os 4 campos destacados em amarelo com seus dados (Valor do Veículo, Entrada, Prazo e Taxa de Juros).
A6: 3. Os resultados (Price e SAC) e o comparativo aparecerão automaticamente em tempo real.
A7: 4. Acesse as abas 'Detalhamento Price' e 'Detalhamento SAC' para ver a evolução mês a mês do seu financiamento.
A8: 5. Consulte a aba 'Comparativo Bancos' para verificar as melhores taxas de mercado (Outubro 2025).
A10: ✨ DIFERENCIAIS DO SIMULADOR
A11: ✅ Cálculo correto do IOF (Fixo + Diário limitado a 365 dias).
A12: ✅ Comparação automática entre Tabela Price e Sistema SAC.
A13: ✅ Detalhamento completo mês a mês para ambos os sistemas.
A14: ✅ Dados de taxas atualizados de Outubro 2025.
... A28: Economia SAC: R$ 2.833 em juros

Sheet Simulador Principal
A1: CAMPOS PARA PREENCHER | D1: TABELA PRICE
A2: Valor do Veículo (R$) | B2: 80000 | D2: Valor Financiado + IOF | E2: =B8+B11
A3: Valor da Entrada (R$) | B3: 30000 | D3: Parcela Mensal Fixa | E3: =-PMT(B5, B4, E2)
A4: Prazo em meses (12 a 72) | B4: 48 | D4: Total Pago (Parcelas) | E4: =E3*B4
A5: Taxa de Juros Mensal (%) | B5: 0.0155 | D5: Total de Juros | E5: =E4-E2
D6: Custo Total com IOF | E6: =E5+B11
A7: CÁLCULOS AUTOMÁTICOS DE IOF
A8: Valor Financiado (Principal) | B8: =B2-B3 | D8: SISTEMA SAC
A9: IOF Fixo (0,38%) | B9: =B8*0.0038 | D9: Amortização Mensal Constante | E9: =B8/B4
A10: IOF Diário (0,0082% limitado a 365 dias) | B10: =B8*0.000082*MIN(B4, 365) | D10: Primeira Parcela (Maior) | E10: =E9+(B8*B5)
A11: IOF Total | B11: =B9+B10 | D11: Última Parcela (Menor) | E11: =E9+(E9*B5)
D12: Total de Juros | E12: ='Detalhamento SAC'!H2
A13: COMPARATIVO | D13: Custo Total com IOF | E13: ='Detalhamento SAC'!H4
A14: Economia do SAC vs Price (Juros) | B14: =E5-E12
A15: Diferença Percentual | B15: =(E5-E12)/E5

Sheet Detalhamento Price
A1: DETALHAMENTO TABELA PRICE
A3: Valor Financiado + IOF (Principal para Cálculo) | B3: ='Simulador Principal'!E2
A4: Taxa Mensal | B4: ='Simulador Principal'!B5
A5: Prazo (Meses) | B5: ='Simulador Principal'!B4
A6: Parcela Fixa | B6: ='Simulador Principal'!E3
A7: Mês | B7: Parcela | C7: Juros | D7: Amortização | E7: Saldo Devedor
A9: =IF(A8+1<=$B$5, A8+1, "") | B9: =IF(A9<>"", $B$6, "") | C9: =IF(A9<>"", E8*$B$4, "") | D9: =IF(A9<>"", B9-C9, "") | E9: ='Simulador Principal'!E2
A10: =IF(A9+1<=$B$5, A9+1, "") | B10: =IF(A10<>"", $B$6, "") | C10: =IF(A10<>"", E9*$B$4, "") | D10: =IF(A10<>"", B10-C10, "") | E10: =IF(A10<>"", E9-D10, E10)
A11: =IF(A10+1<=$B$5, A10+1, "") | B11: =IF(A11<>"", $B$6, "") | C11: =IF(A11<>"", E10*$B$4, "") | D11: =IF(A11<>"", B11-C11, "") | E11: =IF(A11<>"", E10-D11, E11)
A12: =IF(A11+1<=$B$5, A11+1, "") | B12: =IF(A12<>"", $B$6, "") | C12: =IF(A12<>"", E11*$B$4, "") | D12: =IF(A12<>"", B12-C12, "") | E12: =IF(A12<>"", E11-D12, E12)
A13: =IF(A12+1<=$B$5, A12+1, "") | B13: =IF(A13<>"", $B$6, "") | C13: =IF(A13<>"", E12*$B$4, "") | D13: =IF(A13<>"", B13-C13, "") | E13: =IF(A13<>"", E12-D13, E13)
A14: =IF(A13+1<=$B$5, A13+1, "") | B14: =IF(A14<>"", $B$6, "") | C14: =IF(A14<>"", E13*$B$4, "") | D14: =IF(A14<>"", B14-C14, "") | E14: =IF(A14<>"", E13-D14, E14)
A15: =IF(A14+1<=$B$5, A14+1, "") | B15: =IF(A15<>"", $B$6, "") | C15: =IF(A15<>"", E14*$B$4, "") | D15: =IF(A15<>"", B15-C15, "") | E15: =IF(A15<>"", E14-D15, E15)
A16: =IF(A15+1<=$B$5, A15+1, "") | B16: =IF(A16<>"", $B$6, "") | C16: =IF(A16<>"", E15*$B$4, "") | D16: =IF(A16<>"", B16-C16, "") | E16: =IF(A16<>"", E15-D16, E16)
A17: =IF(A16+1<=$B$5, A16+1, "") | B17: =IF(A17<>"", $B$6, "") | C17: =IF(A17<>"", E16*$B$4, "") | D17: =IF(A17<>"", B17-C17, "") | E17: =IF(A17<>"", E16-D17, E17)
A18: =IF(A17+1<=$B$5, A17+1, "") | B18: =IF(A18<>"", $B$6, "") | C18: =IF(A18<>"", E17*$B$4, "") | D18: =IF(A18<>"", B18-C18, "") | E18: =IF(A18<>"", E17-D18, E18)
A19: =IF(A18+1<=$B$5, A18+1, "") | B19: =IF(A19<>"", $B$6, "") | C19: =IF(A19<>"", E18*$B$4, "") | D19: =IF(A19<>"", B19-C19, "") | E19: =IF(A19<>"", E18-D19, E19)
A20: =IF(A19+1<=$B$5, A19+1, "") | B20: =IF(A20<>"", $B$6, "") | C20: =IF(A20<>"", E19*$B$4, "") | D20: =IF(A20<>"", B20-C20, "") | E20: =IF(A20<>"", E19-D20, E20)
A21: =IF(A20+1<=$B$5, A20+1, "") | B21: =IF(A21<>"", $B$6, "") | C21: =IF(A21<>"", E20*$B$4, "") | D21: =IF(A21<>"", B21-C21, "") | E21: =IF(A21<>"", E20-D21, E21)
... A81: =IF(A80+1<=$B$5, A80+1, "") | B81: =IF(A81<>"", $B$6, "") | C81: =IF(A81<>"", E80*$B$4, "") | D81: =IF(A81<>"", B81-C81, "") | E81: =IF(A81<>"", E80-D81, E81)

Sheet Detalhamento SAC
A1: DETALHAMENTO SISTEMA SAC | G1: TOTAIS SAC
G2: Total de Juros SAC | H2: =SUM(C10:C82)
A3: Valor Financiado (Principal para Cálculo) | B3: ='Simulador Principal'!B8 | G3: Total Pago (Parcelas) | H3: =SUM(B10:B82)
A4: Taxa Mensal | B4: ='Simulador Principal'!B5 | G4: Custo Total com IOF | H4: =H2+'Simulador Principal'!B11
A5: Prazo (Meses) | B5: ='Simulador Principal'!B4
A6: Amortização Constante | B6: ='Simulador Principal'!E9
A7: Mês | B7: Parcela | C7: Juros | D7: Amortização | E7: Saldo Devedor
A9: =IF(A8+1<=$B$5, A8+1, "") | B9: =IF(A9<>"", D9+C9, "") | C9: =IF(A9<>"", E8*$B$4, "") | D9: =IF(A9<>"", $B$6, "") | E9: ='Simulador Principal'!B8
A10: =IF(A9+1<=$B$5, A9+1, "") | B10: =IF(A10<>"", D10+C10, "") | C10: =IF(A10<>"", E9*$B$4, "") | D10: =IF(A10<>"", $B$6, "") | E10: =IF(A10<>"", E9-D10, E10)
A11: =IF(A10+1<=$B$5, A10+1, "") | B11: =IF(A11<>"", D11+C11, "") | C11: =IF(A11<>"", E10*$B$4, "") | D11: =IF(A11<>"", $B$6, "") | E11: =IF(A11<>"", E10-D11, E11)
A12: =IF(A11+1<=$B$5, A11+1, "") | B12: =IF(A12<>"", D12+C12, "") | C12: =IF(A12<>"", E11*$B$4, "") | D12: =IF(A12<>"", $B$6, "") | E12: =IF(A12<>"", E11-D12, E12)
A13: =IF(A12+1<=$B$5, A12+1, "") | B13: =IF(A13<>"", D13+C13, "") | C13: =IF(A13<>"", E12*$B$4, "") | D13: =IF(A13<>"", $B$6, "") | E13: =IF(A13<>"", E12-D13, E13)
A14: =IF(A13+1<=$B$5, A13+1, "") | B14: =IF(A14<>"", D14+C14, "") | C14: =IF(A14<>"", E13*$B$4, "") | D14: =IF(A14<>"", $B$6, "") | E14: =IF(A14<>"", E13-D14, E14)
A15: =IF(A14+1<=$B$5, A14+1, "") | B15: =IF(A15<>"", D15+C15, "") | C15: =IF(A15<>"", E14*$B$4, "") | D15: =IF(A15<>"", $B$6, "") | E15: =IF(A15<>"", E14-D15, E15)
A16: =IF(A15+1<=$B$5, A15+1, "") | B16: =IF(A16<>"", D16+C16, "") | C16: =IF(A16<>"", E15*$B$4, "") | D16: =IF(A16<>"", $B$6, "") | E16: =IF(A16<>"", E15-D16, E16)
A17: =IF(A16+1<=$B$5, A16+1, "") | B17: =IF(A17<>"", D17+C17, "") | C17: =IF(A17<>"", E16*$B$4, "") | D17: =IF(A17<>"", $B$6, "") | E17: =IF(A17<>"", E16-D17, E17)
A18: =IF(A17+1<=$B$5, A17+1, "") | B18: =IF(A18<>"", D18+C18, "") | C18: =IF(A18<>"", E17*$B$4, "") | D18: =IF(A18<>"", $B$6, "") | E18: =IF(A18<>"", E17-D18, E18)
A19: =IF(A18+1<=$B$5, A18+1, "") | B19: =IF(A19<>"", D19+C19, "") | C19: =IF(A19<>"", E18*$B$4, "") | D19: =IF(A19<>"", $B$6, "") | E19: =IF(A19<>"", E18-D19, E19)
A20: =IF(A19+1<=$B$5, A19+1, "") | B20: =IF(A20<>"", D20+C20, "") | C20: =IF(A20<>"", E19*$B$4, "") | D20: =IF(A20<>"", $B$6, "") | E20: =IF(A20<>"", E19-D20, E20)
A21: =IF(A20+1<=$B$5, A20+1, "") | B21: =IF(A21<>"", D21+C21, "") | C21: =IF(A21<>"", E20*$B$4, "") | D21: =IF(A21<>"", $B$6, "") | E21: =IF(A21<>"", E20-D21, E21)
... A81: =IF(A80+1<=$B$5, A80+1, "") | B81: =IF(A81<>"", D81+C81, "") | C81: =IF(A81<>"", E80*$B$4, "") | D81: =IF(A81<>"", $B$6, "") | E81: =IF(A81<>"", E80-D81, E81)

Sheet Comparativo Bancos
A1: COMPARATIVO DE TAXAS E SIMULAÇÃO (Outubro 2025)
A3: SIMULAÇÃO BASE: | B3: R$ 50.000 em 48 meses (Tabela Price)
A4: Banco | B4: Taxa Mensal | C4: Taxa Anual (aprox.) | D4: Parcela Estimada (R$) | E4: Total de Juros (R$) | F4: CET (Estimado)
A6: Mercedes-Benz | B6: 0.0093 | C6: =(1+B6)^12-1 | D6: =-PMT(B6, 48, 50000) | E6: =D6*48-50000 | F6: =C6
A7: Hyundai Capital | B7: 0.0106 | C7: =(1+B7)^12-1 | D7: =-PMT(B7, 48, 50000) | E7: =D7*48-50000 | F7: =C7
A8: Volkswagen | B8: 0.0152 | C8: =(1+B8)^12-1 | D8: =-PMT(B8, 48, 50000) | E8: =D8*48-50000 | F8: =C8
A9: Bradesco | B9: 0.0155 | C9: =(1+B9)^12-1 | D9: =-PMT(B9, 48, 50000) | E9: =D9*48-50000 | F9: =C9
A10: Itaú | B10: 0.0198 | C10: =(1+B10)^12-1 | D10: =-PMT(B10, 48, 50000) | E10: =D10*48-50000 | F10: =C10
A11: Banco do Brasil | B11: 0.0205 | C11: =(1+B11)^12-1 | D11: =-PMT(B11, 48, 50000) | E11: =D11*48-50000 | F11: =C11
A12: Caixa Econômica | B12: 0.021 | C12: =(1+B12)^12-1 | D12: =-PMT(B12, 48, 50000) | E12: =D12*48-50000 | F12: =C12
A13: Santander | B13: 0.0215 | C13: =(1+B13)^12-1 | D13: =-PMT(B13, 48, 50000) | E13: =D13*48-50000 | F13: =C13
A14: Safra | B14: 0.022 | C14: =(1+B14)^12-1 | D14: =-PMT(B14, 48, 50000) | E14: =D14*48-50000 | F14: =C14
A15: C6 Bank | B15: 0.0225 | C15: =(1+B15)^12-1 | D15: =-PMT(B15, 48, 50000) | E15: =D15*48-50000 | F15: =C15
A16: Outro | B16: 0 | C16: =(1+B16)^12-1 | D16: =-PMT(B16, 48, 50000) | E16: =D16*48-50000 | F16: =C16
